 Dungeon Crawl Stone Soup version 0.17-a0-1831-gaadb308 (webtiles) character file.

213 kae the Cudgeler (level 5, -1/45 HPs)
             Began as a Minotaur Fighter on Sept 14, 2015.
             Killed from afar by ololoev's ghost (6 damage)
             ... with a magic dart
             ... on level 3 of the Dungeon.
             The game lasted 00:01:06 (1359 turns).

kae the Cudgeler (Minotaur Fighter)                 Turns: 1359, Time: 00:01:06

Health: -1/45      AC:  6    Str: 26    XL:     5   Next: 59%
Magic:  4/4        EV: 12    Int:  6    God:
Gold:   123        SH: 10    Dex: 14    Spells: 0 memorised, 4 levels left

rFire  . . .     SeeInvis .     a - +0 flail
rCold  . . .     Clarity  .     b - +0 scale mail
rNeg   . . .     SustAt   .     c - +0 shield
rPois  .         Gourm    .     (helmet restricted)
rElec  .         Spirit   .     (no cloak)
rCorr  .         Warding  .     (no gloves)
rMut   .         Stasis   .     (no boots)
MR     +....                    (no amulet)
Stlth  +.........               (no ring)
                                i - ring of protection from magic

@: mighty, agile, somewhat resistant to hostile enchantments, very unstealthy
A: retaliatory headbutt, horns 2
a: no special abilities


You were on level 3 of the Dungeon.
You were hungry.

You visited 1 branch of the dungeon, and saw 3 of its levels.

You collected 123 gold pieces.

Inventory:

Hand weapons
 a - a +0 flail (weapon)
Armour
 b - a +0 scale mail (worn)
 c - a +0 shield (worn)
Jewellery
 i - a ring of protection from magic (left hand)
Scrolls
 f - 5 scrolls of identify {unknown}
 j - a scroll of teleportation {unknown}
 k - a scroll of immolation {unknown}
 n - a scroll of remove curse {unknown}
Comestibles
 e - 3 bread rations
 h - a slice of pizza
 o - a meat ration


   Skills:
 - Level 3.6 Fighting
 + Level 7.1 Maces & Flails
 - Level 3.6 Armour
 - Level 3.6 Shields


You had 4 spell levels left.
You didn't know any spells.

Dungeon Overview and Level Annotations

Branches:
Dungeon (3/15)

Altars:

Annotations:
D:3 ololoev's ghost, average DrCj


Innate Abilities, Weirdness & Mutations

You reflexively headbutt those who attack you in melee.
You have a pair of horns on your head.


Message History

The magic dart hits you!
* * * LOW HITPOINT WARNING * * *
The goblin closely misses you.
There is an open door here.
Drink which item? (? for menu, Esc to quit)
You feel very mighty all of a sudden. The goblin hits you with a club.
* * * LOW HITPOINT WARNING * * *
You closely miss the goblin. You headbutt the goblin.
You kill the goblin!
You closely miss the hobgoblin. The hobgoblin barely misses you.
You sock the hobgoblin!
You kill the hobgoblin!
You are feeling hungry.
You closely miss the kobold. The kobold hits you but does no damage.
You closely miss the kobold. You headbutt the kobold.
You kill the kobold!
Ololoev's ghost points at you and mumbles some strange words.
The magic dart hits you!
You die...

###### .. ... #'#
# ..##### #
#.!...# # #.....#
# ####.....# # .
#.@)W....# # ..
#.##.....# #
#.... #.....# #
#.... #.....# #
##...###.....###
#
................
#
##.#....(....####
# #.'.........# #
..#........(#


You could see ololoev's ghost.

Vanquished Creatures
  Sigmund (D:3)
  2 adders
  An ooze (D:2)
  A worm (D:2)
  4 bats
  3 giant cockroaches
  3 hobgoblins
  2 giant newts (D:2)
  5 goblins
  4 kobolds
  A quokka (D:3)
  9 rats
36 creatures vanquished.

Notes
Turn   | Place    | Note
--------------------------------------------------------------
     0 | D:1      | kae the Minotaur Fighter began the quest for the Orb.
     0 | D:1      | Reached XP level 1. HP: 19/19 MP: 0/0
   387 | D:1      | Reached XP level 2. HP: 16/26 MP: 1/1
   837 | D:2      | Reached skill level 4 in Maces & Flails
   840 | D:2      | Reached XP level 3. HP: 31/31 MP: 2/2
  1070 | D:3      | Noticed Sigmund
  1087 | D:3      | Killed Sigmund
  1087 | D:3      | Reached skill level 7 in Maces & Flails
  1087 | D:3      | Reached XP level 4. HP: 6/39 MP: 3/3
  1087 | D:3      | Reached XP level 5. HP: 6/45 MP: 4/4
  1334 | D:3      | Noticed ololoev's ghost (average DrCj)
  1359 | D:3      | Killed from afar by ololoev's ghost

Vault maps used:
D:1:      saegor_arrival_simple_e
D:3:      lemuel_doored_altar, nemelex_xobeh_ov_fountains_minmay,
          nicolae_overflow_hidden_temple, ecumenical_altar_2, uniq_sigmund

Action                   |  1- 3 |  4- 6 || total
-------------------------+-------+-------++-------
Melee: Flail             |    73 |    16 ||    89
  Use: Potion            |       |     3 ||     3
  Eat: Chunk             |       |     1 ||     1
